 Dungeon Crawl Stone Soup version 0.19-a0-1732-g0b18a7b (webtiles) character file.

67 Ijustatesigmund the Magician (level 3, 0/16 HPs)
             Began as a Spriggan Wizard on Sept 30, 2016.
             Slain by an adder (4 damage)
             ... on level 3 of the Dungeon.
             The game lasted 00:11:34 (3256 turns).

Ijustatesigmund the Magician (Spriggan Wizard)      Turns: 3256, Time: 00:11:34

Health: 0/16       AC:  3    Str:  3    XL:     3   Next: 98%
Magic:  2/10       EV: 18    Int: 20    God:
Gold:   94         SH:  0    Dex: 14    Spells: 4 memorised, 5 levels left

rFire  . . .     SeeInvis +     e - +0 short sword
rCold  . . .     Gourm    .     a - +0 robe
rNeg   . . .     Faith    .     (shield restricted)
rPois  .         Spirit   .     b - +1 hat
rElec  .         Dismiss  .     (no cloak)
rCorr  .         Reflect  .     (gloves unavailable)
MR     .....     Harm     .     (boots unavailable)
Stlth  +++.......               (no amulet)
                                (no ring)
                                (no ring)

@: lethally poisoned (0 -> -10), very slightly contaminated, repel missiles,
very quick
A: unfitting armour, see invisible, herbivore 3, speed 3, slow metabolism 2
a: no special abilities


You were on level 3 of the Dungeon.
You were not hungry.

You visited 1 branch of the dungeon, and saw 4 of its levels.

You collected 94 gold pieces.

Inventory:

Hand Weapons
 e - a +0 short sword (weapon)
Armour
 a - a +0 robe (worn)
 b - a +1 hat (worn)
Scrolls
 g - a scroll of identify
 l - a scroll of random uselessness {unknown}
 m - a scroll of remove curse {unknown}
Potions
 f - a potion of mutation
 h - a potion of flight
 i - 2 potions of curing
 j - a potion of invisibility {unknown}
Books
 c - a book of Minor Magic

   Spells                             Type                      Level
   a - Magic Dart                     Conjuration                  1
   b - Blink                          Translocation                2
   c - Call Imp                       Summoning                    2
   d - Repel Missiles                 Charms/Air                   2
   e - Slow                           Hexes                        2
   f - Conjure Flame                  Conjuration/Fire             3
   g - Mephitic Cloud                 Conjuration/Poison/Air       3
Comestibles
 d - 2 bread rations


   Skills:
 + Level 1.5 Short Blades
 - Level 3.0 Dodging
 + Level 4.0 Stealth
 - Level 5.3 Spellcasting
 - Level 0.6 Conjurations
 - Level 0.7 Summonings
 - Level 1.5 Translocations


You had 5 spell levels left.
You knew the following spells:

 Your Spells              Type           Power        Failure   Level  Hunger
a - Magic Dart            Conj           #...         12%         1    None
b - Blink                 Tloc           N/A          12%         2    None
c - Repel Missiles        Chrm/Air       #.....       21%         2    None
d - Call Imp              Summ           #.......     14%         2    None


Dungeon Overview and Level Annotations

Branches:
Dungeon (4/15)
 Temple: D:4-7

Altars:
Elyvilon


Innate Abilities, Weirdness & Mutations

You are very small and have problems with some larger weapons.
You are too small for most types of armour.
You have supernaturally acute eyesight. (SInv)
You are a herbivore.
You cover ground extremely quickly.
You need consume almost no food.


Message History

Casting: Magic Dart
Confirm with . or Enter, or press ? or * to list all spells.
Aiming: Magic Dart
Press: ? - help, Shift-Dir - straight line, f/p - adder
Aim: an adder (heavily wounded)
The magic dart hits the adder.
The adder is almost dead.
The adder bites you.
You are lethally poisoned!
The adder poisons you! The adder bites you.
Casting: Magic Dart
Confirm with . or Enter, or press ? or * to list all spells.
Aiming: Magic Dart
Press: ? - help, Shift-Dir - straight line, f/p - adder
Aim: an adder (almost dead)
The magic dart hits the adder.
The adder is almost dead.
* * * LOW HITPOINT WARNING * * *
You feel sick. The adder bites you.
You die...

#.#.###.###......#
#.#.##..###..##..#
#............##..#
#w#.##..#.##.##..#
#.#...............
#.#####.#.###....####..#
#(......#>[..#..## #..#
#######.#####.#######..#
#@S..<...........#
##################


You could see a worm and an adder.

Vanquished Creatures
  An ooze (D:1)
  A dart slug (D:1)
  3 leopard geckos
  4 orcs
  5 goblins
  10 hobgoblins
  4 kobolds
  A quokka (D:3)
  7 bats
  5 frilled lizards
  8 rats
49 creatures vanquished.

Notes
Turn   | Place    | Note
-------+----------+-------------------------------------------
     0 | D:1      | Ijustatesigmund the Spriggan Wizard began the quest for the Orb.
     0 | D:1      | Reached XP level 1. HP: 9/9 MP: 6/6
   229 | D:1      | Reached XP level 2. HP: 3/13 MP: 0/8
   233 | D:1      | Learned a level 2 spell: Blink
   236 | D:1      | Learned a level 2 spell: Repel Missiles
   561 | D:1      | Reached skill level 5 in Spellcasting
   637 | D:1      | Learned a level 2 spell: Call Imp
  1227 | D:1      | Reached XP level 3. HP: 13/16 MP: 7/10
  1748 | D:3      | Reached skill level 1 in Short Blades
  3141 | D:3      | Found a white marble altar of Elyvilon.
  3256 | D:3      | Slain by an adder

Vault maps used:
D:1:      dpeg_arrival_arbitrary_c
D:2:      minmay_hexomino_c4
D:3:      minitemple, elyvilon_altar_5, first_bread, hangedman_decor_peaks_small

Skill      XL: |  1  2  3 |
---------------+----------+-----
Spellcasting   | 5 |  5.3
Short Blades   | 1 |  1.5
Stealth        | 4 |  4.0
Dodging        | |  3.0
Conjurations   | |  0.6
Summonings     | |  0.7
Translocations | |  1.5

Action                   || total
-------------------------++-------
Melee: Short sword       ||    32
 Cast: Magic Dart        ||   181
       Repel Missiles    ||     2
       Call Imp          ||     2
       Blink             ||     1
  Use: Scroll            ||     3
       Potion            ||     1
 Stab: Sleeping          ||     2
Armor: Robe              ||     3
Dodge: Dodged            ||    86
       Deflected         ||     2
